 Dungeon Sprint DCSS version 0.30.1-11-g7821555f0a (webtiles) character file.

Game seed: 6882873210500277300

4603 Heoruswealwe the Ninja (level 10, -9/51 HPs)
             Began as a Spriggan Artificer on Dec 8, 2023.
             Was an Initiate of Gozag.
             Mangled by a blink frog (18 damage)
             ... in the Dungeon (Sprint III: "The Ten Rune Challenge").
             The game lasted 00:12:04 (646 turns).

Heoruswealwe the Ninja (Spriggan Artificer)          Turns: 646, Time: 00:12:05

Health: -9/51      AC:  2    Str:  8    XL:     10   Next: 19%
Magic:  11/11      EV: 26    Int: 13    God:    Gozag
Gold:   1696       SH:  0    Dex: 20    Spells: 9/9 levels left

rFire   . . .        a - +0 short sword
rCold   . . .        (no shield)
rNeg    . . .        c - +0 robe
rPois   .            (helmet restricted)
rElec   .            (no cloak)
rCorr   .            (gloves unavailable)
SInv    +            (boots unavailable)
Will    +....        (no amulet)
Stlth   ++++++++++   (no ring)
HPRegen 0.28/turn    (no ring)
MPRegen 0.12/turn

%: no teleportation
@: hasted, very quick
A: very small, no large weapons, unfitting armour, see invisible, speed 3
a: Renounce Religion, Potion Petition, Call Merchant, Bribe Branch


You were in the Dungeon.
You worshipped Gozag.
Gozag was most pleased with you.
You visited 1 branch You collected 1696 gold pieces.

Inventory:

Hand Weapons
 a - a +0 short sword (weapon)
Armour
 c - a +0 robe (worn)
Wands
 d - a wand of charming (15)
 t - a wand of mindburst (10)
Scrolls
 k - a scroll of blinking
 l - a scroll of immolation {unknown}
 m - a scroll of fog {unknown}
 n - a scroll of poison {unknown}
 o - a scroll of identify {unknown}
Potions
 g - 4 potions of mutation {unknown}
 i - 3 potions of magic
 p - 3 potions of brilliance {unknown}
 q - 2 potions of flight
 r - 3 potions of might
Miscellaneous
 s - a condenser vane


   Skills:
 + Level 5.1 Fighting
 + Level 9.0 Short Blades
 + Level 11.2 Dodging
 O Level 27 Stealth
 + Level 11.4 Evocations


You had 9 spell levels left.
You didn't know any spells.
Your spell library contained the following spells:

 Spells                   Type           Power      Damage    Failure   Level
 Beastly Appendage        Tmut           0%         N/A       30%         1
 Wereblood                Tmut           0%         N/A       43%         2
 Spider Form              Tmut/Pois      0%         N/A       67%         3


Dungeon Overview and Level Annotations

Branches:
Dungeon (1/1)

Altars:
Cheibriados
Dithmenos
Elyvilon
Fedhas
Gozag
Hepliaklqana
Kikubaaqudgha
Makhleb
Nemelex Xobeh
Okawaru
Qazlal
Ru
Sif Muna
Trog
Uskayaw
Vehumet
Wu Jian
Xom
Yredelemnul
Zin
The Shining One
Jiyva
Lugonu


Innate Abilities, Weirdness & Mutations

You are very small and have problems with some larger weapons.
You are too small for most types of armour.
You have supernaturally acute eyesight. (SInv)
You cover ground extremely quickly. (Speed+++)


Message History

You hear a loud, deep croak!
The blink frog croaks.
You hit the blink frog.
The blink frog is moderately wounded.
The blink frog blinks!
The blink frog blinks!
The blink frog closely misses you.
The blink frog blinks! x2
You barely miss the blink frog.
The blink frog blinks!
The blink frog completely misses you.
You hit the blink frog.
The blink frog is lightly wounded.
You closely miss the blink frog.
The blink frog is lightly wounded.
The blink frog completely misses you.
You hit the blink frog.
The blink frog is lightly wounded.
The blink frog blinks!
You barely miss the blink frog.
The blink frog blinks!
The blink frog closely misses you.
You hit the blink frog.
The blink frog is moderately wounded.
The blink frog blinks!
You hit the blink frog.
The blink frog is heavily wounded.
The blink frog misses you.
You closely miss the blink frog.
The blink frog is heavily wounded.
The blink frog hits you!
The blink frog blinks! x2
The blink frog closely misses you.
You hit the blink frog. Your punch misses the blink frog.
The blink frog is heavily wounded.
The blink frog hits you!!
* * * LOW HITPOINT WARNING * * *
The blink frog blinks!
You feel yourself speed up. The blink frog closely misses you.
The blink frog hits you.
* * * LOW HITPOINT WARNING * * *
The blink frog hits you!!
You die...
Your body crumbles into a pile of gold.

####'#..~≈≈~~~.♣.#...######'#$ $
)....#.~~≈~~~†...#.⌠.#__#...#+###
.†.†.#.~≈~~~.....#...#__#...#....
.....#.~~~.......#'###__#...##.#.
'#####...........#.).#__#...'##.#
.................#___#__'...#...#
▓▓▓▓▓▓▓▓▓▓▓▓▓▓▓▓▓▓▓▓▓▓▓▓▓▓▓▓▓▓▓▓▓
≈~≈§~ ♣.....♣♣♣♣~~~.....
~≈§~≈~♣♣@F≈≈≈'♣♣'♣≈≈≈≈≈≈≈
≈§§§§.F'F....#.~♣♣♣♣♣♣♣♣♣
~§§§§§♣♣♣♣♣♣♣#..♣ $ ~≈§§~ ###+
+###


You could see 3 blink frogs.

Vanquished Creatures
  Erolcha (D)
  A deep elf pyromancer (D)
  2 cane toads (D)
  A komodo dragon (D)
  A rime drake (D)
  3 wandering mushrooms (D)
  A shadow (D)
  2 redbacks (D)
  A spatial vortex (D)
  A swamp drake (D)
  5 two-headed ogres (D)
  A necrophage (D)
  A scorpion (D)
  A water elemental (D)
  A jelly (D)
  A wizard (D)
  A necromancer (D)
  3 humans (D)
  A kobold demonologist (D)
  2 endoplasms (D)
  2 rats (D)
33 creatures vanquished.

Notes
Turn   | Place    | Note
-------+----------+-------------------------------------------
     0 | D        | Heoruswealwe the Spriggan Artificer began the quest for the
                  | Orb.
     0 | D        | Reached XP level 1. HP: 9/9 MP: 2/2
     6 | D        | Reached skill level 3 in Stealth
    14 | D        | Reached skill level 4 in Stealth
    29 | D        | Reached skill level 5 in Stealth
    42 | D        | Noticed a scorpion
    46 | D        | Killed a scorpion
    47 | D        | Reached skill level 11 in Stealth
    47 | D        | Reached XP level 2. HP: 14/14 MP: 3/3
    47 | D        | Reached XP level 3. HP: 17/17 MP: 4/4
    78 | D        | Reached skill level 12 in Stealth
    78 | D        | Reached XP level 4. HP: 21/21 MP: 5/5
    96 | D        | Noticed a water elemental
    98 | D        | Killed a water elemental
    99 | D        | Reached skill level 15 in Stealth
   103 | D        | Found a radiant altar of Vehumet.
   103 | D        | Found a shimmering blue altar of Sif Muna.
   103 | D        | Found an ancient bone altar of Kikubaaqudgha.
   103 | D        | Noticed a wizard
   106 | D        | Killed a wizard
   107 | D        | Reached XP level 5. HP: 25/25 MP: 6/6
   109 | D        | Reached skill level 16 in Stealth
   132 | D        | Found a glowing silver altar of Zin.
   132 | D        | Found a glowing golden altar of the Shining One.
   132 | D        | Found a white marble altar of Elyvilon.
   133 | D        | Noticed a deep elf pyromancer
   135 | D        | Killed a deep elf pyromancer
   136 | D        | Reached skill level 22 in Stealth
   136 | D        | Reached XP level 6. HP: 29/29 MP: 7/7
   136 | D        | Reached XP level 7. HP: 32/32 MP: 8/8
   148 | D        | Found a hide-covered altar of Uskayaw.
   148 | D        | Found an iron altar of Okawaru.
   148 | D        | Found a bloodstained altar of Trog.
   148 | D        | Found an ornate altar of the Wu Jian Council.
   148 | D        | Noticed a human
   149 | D        | Noticed a human
   151 | D        | Killed a human
   152 | D        | Reached skill level 23 in Stealth
   152 | D        | Killed a human
   153 | D        | Reached skill level 24 in Stealth
   201 | D        | Found a basalt altar of Yredelemnul.
   201 | D        | Found a shadowy altar of Dithmenos.
   201 | D        | Found a sacrificial altar of Ru.
   220 | D        | Noticed a shadow
   222 | D        | Killed a shadow
   223 | D        | Reached skill level 25 in Stealth
   223 | D        | Reached XP level 8. HP: 37/37 MP: 9/9
   228 | D        | Found a blossoming altar of Fedhas.
   228 | D        | Found a stormy altar of Qazlal.
   228 | D        | Found a snail-covered altar of Cheibriados.
   228 | D        | Found a burning altar of Makhleb.
   228 | D        | Found a shimmering altar of Xom.
   229 | D        | Found a hazy altar of Hepliaklqana.
   229 | D        | Found an opulent altar of Gozag.
   229 | D        | Found a sparkling altar of Nemelex Xobeh.
   229 | D        | Found a corrupted altar of Lugonu.
   229 | D        | Found a viscous altar of Jiyva.
   232 | D        | Reached skill level 26 in Stealth
   236 | D        | Became a worshipper of Gozag Ym Sagoz the Greedy
   250 | D        | Reached skill level 1 in Short Blades
   256 | D        | Reached skill level 5 in Evocations
   270 | D        | Noticed a two-headed ogre
   273 | D        | Killed a two-headed ogre
   274 | D        | Reached skill level 5 in Dodging
   281 | D        | Noticed a two-headed ogre
   281 | D        | Noticed Erolcha
   283 | D        | Killed Erolcha
   284 | D        | Reached skill level 5 in Short Blades
   284 | D        | Reached skill level 27 in Stealth
   284 | D        | Reached XP level 9. HP: 40/40 MP: 10/10
   284 | D        | Killed a two-headed ogre
   320 | D        | Noticed a wandering mushroom
   324 | D        | Noticed a wandering mushroom
   333 | D        | Noticed a wandering mushroom
   356 | D        | Killed a wandering mushroom
   377 | D        | Killed a wandering mushroom
   378 | D        | Reached skill level 10 in Evocations
   456 | D        | Noticed a cane toad
   456 | D        | Noticed a komodo dragon
   456 | D        | Noticed a cane toad
   459 | D        | Killed a komodo dragon
   460 | D        | Reached skill level 10 in Dodging
   460 | D        | Killed a cane toad
   461 | D        | Reached XP level 10. HP: 51/51 MP: 11/11
   462 | D        | HP: 1/51 [cane toad (23)]
   472 | D        | Killed a cane toad
   618 | D        | Reached skill level 5 in Fighting
   646 | D        | Mangled by a blink frog

Illustrated notes

Levels and vault maps discovered:
D:        dungeon_sprint_mu [sprint_mu_entry_forest, sprint_mu_temple_rooms,
          sprint_mu_d1_spiders, sprint_mu_d2_genie, sprint_mu_d3_branching,
          sprint_mu_orc_legion, sprint_mu_elf_gauntlet, sprint_mu_hive_nellie,
          sprint_mu_lair_fedhas, sprint_mu_vaults_butterflies,
          sprint_mu_slime_circle, sprint_mu_swamp_cave, sprint_mu_snake_twists,
          sprint_mu_blade_basic, sprint_mu_crypt_lich, sprint_mu_tomb_spiral,
          sprint_mu_vestibule_basic, sprint_mu_gehenna_hellfire,
          sprint_mu_dis_giant, sprint_mu_tartarus_statrot,
          sprint_mu_cocytus_islands, sprint_mu_zot1]

Skill      XL: |  1  2  3  4  5  6  7  8  9 10 |
---------------+-------------------------------+-----
Stealth        | 11 12 15 22 25 27 | 27.0
Short Blades   | 5 8 9 |  9.0
Dodging        | 7 10 11 | 11.2
Evocations     | 8 10 11 | 11.4
Fighting       | 4 5 |  5.1

Action                     |  1- 3 |  4- 6 |  7- 9 | 10-12 || total
---------------------------+-------+-------+-------+-------++-------
  Melee: Club              |    10 |     1 |       |       ||    11
         Dagger            |       |     1 |     2 |       ||     3
         Short sword       |       |       |    23 |    22 ||    45
  Evoke: Wand              |     7 |     4 |     9 |       ||    20
    Use: Potion            |     1 |       |     2 |     3 ||     6
   Stab: Sleeping          |     3 |     2 |    17 |     2 ||    24
 Armour: Robe              |       |       |     2 |       ||     2
  Dodge: Dodged            |     5 |     2 |     5 |    12 ||    24
